 Dungeon Crawl Stone Soup version 0.30-a0-1085-g990a428a5c (webtiles) character file.

Game seed: 10524187989205276965

368602 Zonian the Brawler (level 22, -20/182 HPs)
             Began as a Gnoll Gladiator on Apr 16, 2023.
             Was a High Priest of Ashenzari.
             Killed from afar by a wizard (28 damage)
             ... with a fireball
             ... on level 4 of the Abyss on Apr 17, 2023.
             The game lasted 02:26:00 (55310 turns).

Zonian the Brawler (Gnoll Gladiator)               Turns: 55310, Time: 02:26:01

Health: -20/182    AC: 29    Str: 20    XL:     22   Next: 23%
Magic:  12/34      EV: 18    Int: 10    God:    Ashenzari [*****.]
Gold:   1788       SH: 23    Dex: 18    Spells: 18/54 levels left

rFire   . . .      SeeInvis +    w - +12 flail of Ash {elec, Int+2}
rCold   . . .      Faith    .    U - +2 kite shield of the Stellar Urgency {reflect, Melee, Alch} (curse)
rNeg    . . .      Spirit   .    B - +3 chain mail of the Unyielding Gaze {rF+ Stlth+, Comp, Melee} (curse)
rPois   +          Reflect  +    G - +0 hat "Share My Fetters" {rPois rC- rCorr Dex+4, Fort, Melee} (curse)
rElec   .          Rampage  .    r - +1 cloak of Ashenzari's Sun {Alch, Evo} (curse)
rCorr   +          Clarity  +    Q - +1 pair of gloves of the Profound Cosmos {Elem, Cun} (curse)
Will    +....                    S - +0 pair of boots "Cursed Lifelessness" {rC+ Int+2, Fort, Comp} (curse)
Stlth   +++++                    x - amulet of Ashenzari's Comet {Reflect SH+5, Evo, Self} (curse)
HPRegen 0.50/turn                H - ring of the Revealing Seeker {AC+4, Fort, Cun} (curse)
MPRegen 0.24/turn                m - ring "Perceptive Stickiness" {rC+, Fort, Elem} (curse)

@: hasted, unable to read, unable to drink, very quick
A: fangs 1, strong nose, distributed training, [deterioration 1], [dopey 2],
[low MP 2], [screaming 1], [weak 1], [no potion heal 1], [cold vulnerability 1],
[heat vulnerability 1], [subdued magic 2], [inability to drink after injury 2],
[inability to read after injury 1]
}: 3/15 runes: decaying, abyssal, gossamer
a: Renounce Religion, Curse Item, Shatter the Chains


You were on level 4 of the Abyss.
You worshipped Ashenzari.
Ashenzari was extremely pleased with you.
You visited 7 branches of the dungeon, and saw 34 of its levels.
You visited the Abyss 3 times.

You collected 3993 gold pieces.
You spent 2205 gold pieces at shops.

Inventory:

Hand Weapons
 e - the +9 war axe of Koxtib {flame, Contam rPois rN++}
   (You took it off a deep elf demonologist on level 3 of the Elven Halls)

   rPois:     It protects you from poison.
   rN:        It greatly protects you from negative energy.
   Contam:    It causes magical contamination when unequipped.
 s - the +7 long sword of the Vendetta {flame, rCorr Str-2 Int+5 Dex+4}
   (You found it on level 6 of the Dungeon)

   Str:       It affects your strength (-2).
   Int:       It affects your intelligence (+5).
   Dex:       It affects your dexterity (+4).
   rCorr:     It protects you from acid and corrosion.
 w - the +12 flail of Ash (weapon) {elec, Int+2}
   (You found it on level 5 of the Dungeon)

   Int:       It affects your intelligence (+2).
 V - the +4 sling "Kuusol" {elec, rF- rN+++ Will+++ Int-5}
   (You found it on level 2 of the Swamp)

   Int:       It affects your intelligence (-5).
   rF:        It makes you vulnerable to fire.
   rN:        It renders you almost immune to negative energy.
   Will:      It greatly increases your willpower.
Missiles
 c - 4 throwing nets
 f - 13 javelins
 h - 6 silver javelins
 i - 10 curare-tipped darts
 K - 10 poisoned darts (quivered)
 N - 6 boomerangs
Armour
 r - the cursed +1 cloak of Ashenzari's Sun (worn) {Alch, Evo}
   (You found it on level 3 of the Dungeon)

   It has a curse which improves the following skills: Alchemy: Poison Magic and
   Transmutations.
   Evocations: Evocations.
 B - the cursed +3 chain mail of the Unyielding Gaze (worn) {rF+ Stlth+, Comp, Melee}
   (You acquired it on level 8 of the Dungeon)

   rF:        It protects you from fire.
   Stlth:     It makes you more stealthy.
   It has a curse which improves the following skills: Companions: Summonings
   and Necromancy.
   Melee Combat: Short Blades, Long Blades, Axes, Maces & Flails, Polearms,
   Staves and Unarmed Combat.
 G - the cursed +0 hat "Share My Fetters" (worn) {rPois rC- rCorr Dex+4, Fort, Melee}
   (You acquired it on level 8 of the Dungeon)

   Dex:       It affects your dexterity (+4).
   rC:        It makes you vulnerable to cold.
   rPois:     It protects you from poison.
   rCorr:     It protects you from acid and corrosion.
   It has a curse which improves the following skills: Fortitude: Armour and
   Shields.
   Melee Combat: Short Blades, Long Blades, Axes, Maces & Flails, Polearms,
   Staves and Unarmed Combat.
 Q - the cursed +1 pair of gloves of the Profound Cosmos (worn) {Elem, Cun}
   (You found it on level 13 of the Dungeon)

   It has a curse which improves the following skills: Elements: Fire Magic, Ice
   Magic, Air Magic and Earth Magic.
   Cunning:   Dodging and Stealth.
 S - the cursed +0 pair of boots "Cursed Lifelessness" (worn) {rC+ Int+2, Fort, Comp}
   (You found it on level 2 of the Lair of Beasts)

   Int:       It affects your intelligence (+2).
   rC:        It protects you from cold.
   It has a curse which improves the following skills: Fortitude: Armour and
   Shields.
   Companions: Summonings and Necromancy.
 U - the cursed +2 kite shield of the Stellar Urgency (worn) {reflect, Melee, Alch}
   (You took it off a tengu warrior on level 15 of the Dungeon)

   It has a curse which improves the following skills: Melee Combat: Short
   Blades, Long Blades, Axes, Maces & Flails, Polearms, Staves and Unarmed
   Combat.
   Alchemy:   Poison Magic and Transmutations.
Jewellery
 m - the cursed ring "Perceptive Stickiness" (right hand) {rC+, Fort, Elem}
   (You found it on level 2 of the Dungeon)

   [ring of protection from cold]

   rC:        It protects you from cold.
   It has a curse which improves the following skills: Fortitude: Armour and
   Shields.
   Elements:  Fire Magic, Ice Magic, Air Magic and Earth Magic.
 x - the cursed amulet of Ashenzari's Comet (around neck) {Reflect SH+5, Evo, Self}
   (You found it on level 6 of the Dungeon)

   [amulet of reflection]

   It reflects blocked missile attacks.
   SH:        It affects your SH (+5).
   It has a curse which improves the following skills: Evocations: Evocations.
   Introspection: Fighting and Spellcasting.
 H - the cursed ring of the Revealing Seeker (left hand) {AC+4, Fort, Cun}
   (You acquired it on level 8 of the Dungeon)

   [ring of protection]

   AC:        It affects your AC (+4).
   It has a curse which improves the following skills: Fortitude: Armour and
   Shields.
   Cunning:   Dodging and Stealth.
Wands
 a - a wand of paralysis (9)
 l - a wand of flame (91)
 o - a wand of digging (1)
 F - a wand of mindburst (4)
 J - a wand of roots (14)
Scrolls
 g - 5 scrolls of fog
 n - a scroll of silence
 t - 2 scrolls of enchant weapon
 v - 2 scrolls of fear
 y - a scroll of summoning
 I - a scroll of magic mapping
 M - 2 scrolls of blinking
 R - 3 scrolls of teleportation
 Y - 4 scrolls of poison
Potions
 d - 5 potions of brilliance
 j - 9 potions of flight
 k - 7 potions of invisibility
 q - 3 potions of berserk rage
 u - 2 potions of might
 z - 9 potions of attraction
 A - 6 potions of curing
 C - 6 potions of ambrosia
 E - 8 potions of resistance
 L - 2 potions of magic
 Z - 3 potions of haste
Miscellaneous
 p - a lightning rod (inert)
 D - a phial of floods
 T - a box of beasts
 W - a tin of tremorstones (1/2)


   Skills:
 + Level 15.1(17.2) Fighting
 + Level 14.5(18.6) Short Blades
 + Level 14.5(18.6) Long Blades
 + Level 14.5(18.6) Axes
 + Level 14.5(18.6) Maces & Flails
 + Level 14.5(18.6) Polearms
 + Level 14.5(18.6) Staves
 + Level 14.5 Ranged Weapons
 + Level 15.1 Throwing
 + Level 14.5(19.5) Armour
 + Level 15.8(18.8) Dodging
 + Level 14.5(17.6) Stealth
 + Level 14.5(19.5) Shields
 + Level 15.8(19.8) Unarmed Combat
 + Level 14.5(16.5) Spellcasting
 + Level 12.3 Conjurations
 + Level 12.3 Hexes
 + Level 12.3(15.4) Summonings
 + Level 12.3(15.4) Necromancy
 + Level 12.3 Translocations
 + Level 12.3(15.4) Transmutations
 + Level 12.3(15.4) Fire Magic
 + Level 12.3(15.4) Ice Magic
 + Level 12.3(15.4) Air Magic
 + Level 12.3(15.4) Earth Magic
 + Level 12.3(15.4) Poison Magic
 + Level 15.7 Invocations
 + Level 14.5(17.6) Evocations


You had 18 spell levels left.
You knew the following spells:

 Your Spells              Type           Power      Damage    Failure   Level
a - Wereblood             Tmut           24%        N/A       1%          2
b - Swiftness             Air            24%        N/A       1%          3
c - Passwall              Tmut/Erth      20%        N/A       1%          2
d - Summon Lightning Spi  Summ/Air       24%        N/A       1%          4
e - Iskenderun's Mystic   Conj/Tloc      20%        2d6       1%          4
f - Olgreb's Toxic Radia  Pois           24%        N/A       1%          4
g - Lee's Rapid Deconstr  Erth           12%        3d8*      1%          5
h - Mephitic Cloud        Conj/Pois/Air  23%        N/A       1%          3
i - Airstrike             Air            12%        2d(2-18)  1%          4
j - Borgnjor's Vile Clut  Necr/Erth      12%        N/A       1%          5

Your spell library contained the following spells:

 Spells                   Type           Power      Damage    Failure   Level
 Beastly Appendage        Tmut           48%        N/A       0%          1
 Necrotise                Necr           96%        1d8       0%          1
 Summon Small Mammal      Summ           96%        N/A       0%          1
 Kiss of Death            Conj/Necr      88%        2d12      1%          1
 Cigotuvi's Dreadful Rot  Necr/Pois/Air  48%        N/A       1%          2
 Ensorcelled Hibernation  Hex/Ice        44%        N/A       1%          2
 Poisonous Vapours        Pois/Air       48%        N/A       1%          2
 Static Discharge         Conj/Air       44%        2-4/arc   1%          2
 Call Canine Familiar     Summ           24%        N/A       1%          3
 Ignite Poison            Fire/Tmut/Pois 24%        N/A       1%          3
 Portal Projectile        Hex/Tloc       40%        N/A       1%          3
 Spider Form              Tmut/Pois      24%        N/A       1%          3
 Stone Arrow              Conj/Erth      44%        3d9       1%          3
 Summon Guardian Golem    Hex/Summ       22%        N/A       1%          3
 Vampiric Draining        Necr           24%        2d7       1%          3
 Volatile Blastmotes      Fire/Tloc      44%        2d13      1%          3
 Animate Armour           Summ/Erth      48%        N/A       1%          4
 Cause Fear               Hex            10%        N/A       1%          4
 Fulminant Prism          Conj/Hex       10%        3d8       1%          4
 Leda's Liquefaction      Hex/Erth       11%        N/A       1%          4
 Agony                    Necr           24%        N/A       1%          5
 Alistair's Intoxication  Tmut/Pois      16%        N/A       1%          5
 Freezing Cloud           Conj/Ice/Air   11%        6-21      1%          5
 Eringya's Noxious Bog    Tmut/Pois      12%        N/A       6%          6
 Statue Form              Tmut/Erth      16%        N/A       6%          6
 Conjure Ball Lightning   Conj/Air       11%        3x3d6     13%         6
 Dragon Form              Tmut           12%        N/A       36%         7
 Storm Form               Tmut/Air       12%        N/A       36%         7
 Borgnjor's Revivificati  Necr           12%        N/A       98%         8
 Ignition                 Fire           12%        3d6       98%         8
 Maxwell's Capacitive Co  Air            12%        ∞         98%         8
 Necromutation            Tmut/Necr      12%        N/A       98%         8
 Discord                  Hex            10%        N/A       100%        8
 Disjunction              Tloc           10%        N/A       100%        8
 Lehudib's Crystal Spear  Conj/Erth      11%        10d4      100%        8
 Death's Door             Necr           12%        N/A       100%        9
 Dragon's Call            Summ           12%        N/A       100%        9


Dungeon Overview and Level Annotations

Branches:
Dungeon (15/15)            Temple (1/1) D:7            Lair (5/5) D:9
  Swamp (4/4) Lair:2       Spider (4/4) Lair:3        Slime (0/5) Lair:5
    Orc (2/2) D:10            Elf (3/3) Orc:2        Vaults (0/5) D:14
 Depths (0/4) D:15

Altars:
Ashenzari
Dithmenos
Gozag
Hepliaklqana
Kikubaaqudgha
Makhleb
Okawaru
Qazlal
Ru
Sif Muna
Trog
Uskayaw
Vehumet
Wu Jian
Xom
Yredelemnul
Zin
Jiyva

Shops:
D:7 (   D:8 :[   Orc:2 :(!?   Elf:1 [[?[   Elf:3 *

Portals:
Pandemonium: Orc:2

Annotations:
Spider:3 3 runed translucent doors, superbruh's ghost, adept MiFi
Orc:1 3 runed translucent doors, Bekuax's ghost, journeyman MfVM; MrSquiggles's ghost, journeyman MfTm; Ybuibof's ghost, journeyman DEHu
Orc:2 Erolcha
Elf:1 1 runed translucent door
Elf:2 3 runed translucent doors


Innate Abilities, Weirdness & Mutations

You have very sharp teeth.
Your uncanny sense of smell can sniff out nearby items.
Your experience applies equally to all skills.
[Your body sometimes deteriorates upon taking damage.]
[You are very dopey. (Int -4)]
[Your magical capacity is very low. (-20% MP)]
[You occasionally shout uncontrollably at your foes.]
[You are weak. (Str -2)]
[Potions are less effective at restoring your health.]
[You are vulnerable to cold. (rC-)]
[You are vulnerable to heat. (rF-)]
[Your spells are easier to cast, but less powerful.]
[You sometimes lose the ability to drink potions when taking damage.]
[You occasionally lose the ability to read scrolls when taking damage.]


Message History

The large abomination is heavily damaged.
You block the large abomination's attack.
You bludgeon the large abomination!!
You bite the large abomination, but do no damage.
The large abomination is almost destroyed.
You block the large abomination's attack.
You hit the large abomination.
You destroy the large abomination!
You block the large abomination's attack.
A raiju comes into view.
Found a runelight.
You see here an elf corpse.
A wizard comes into view. It is wielding a +0 dagger.
Found two runelights.
The wizard shouts!
The wizard points at you and mumbles some strange words.
The fireball explodes!
The fireball engulfs you!
You feel threatened and lose the ability to drink potions!
* * * LOW HITPOINT WARNING * * *
You hear a roar!
You hear an angry squeal. x2
Okay, then.
Cast which spell? (? or * to list)
Aiming: Airstrike (safe; 1% risk of failure)
Press: ? - help, Dir - move target, f - wizard
Aim: a wizard, wielding a +0 dagger and wearing a +0 robe (empty space bonus: 5/8)
The air twists around and strikes the wizard!!
The wizard is heavily wounded.
Unknown command.
Okay, then.
Casting: Airstrike (safe; 1% risk of failure)
Confirm with . or Enter, or press ? or * to list all spells.
Aiming: Airstrike (safe; 1% risk of failure)
Press: ? - help, Dir - move target, f/p - wizard
Aim: a wizard, wielding a +0 dagger and wearing a +0 robe (heavily wounded, empty space bonus: 5/8)
The air twists around and strikes the wizard!
The wizard is almost dead.
You hear a roar!
The wizard casts a spell at you.
The fireball explodes!
The fireball engulfs you!!
You die...

,, , ,* *, *,, ,, *
*, , ,*,* *, ,*, ,#
,, ,** , * ,* , *,
* .* *,* *,*, {,, *
*, * *, * , *.* *,
, * , , ,*, , *,##
* ,,* * * , * *#
### * *, *, ,* **
** .###.### *, *{*
,, , #
##..#..#####* ,,, ,
#) #.÷...†@##†##
**,, ,, * *∆
).⌠#⌠.⌠#⌠.X#{## * *
** ,* ,
##.*##.###†###{##
,* ,*,, * , #
_⌠#⌠.⌠#⌠[.#.{.##**
, * #
#.p.#...#...#..# *
* * # ###†
##.###†###.#** * ,
* . ,
#,.{#...#..*#.{Z* *
*,.,
#⌠,.#...#_.⌠#⌠..#{#
,{* * ,..)*#*†#
#†###.###.# #{,, ,


You could see a wretched star, a large abomination and a wizard.

Vanquished Creatures
  2 bone dragons (Abyss:4)
  Arachne (Spider:3)
  A Hell Sentinel (Abyss:4)
  A deep elf master archer (Elf:3)
  Frances (Elf:1)
  6 tentacled starspawn (Abyss:4)
  An Executioner (Abyss:4)
  A thorn hunter (Swamp:3)
  A fenstrider witch (Swamp:4)
  2 emperor scorpions
  2 ghost moths
  Aizul (Swamp:3)
  5 deep elf sorcerers
  A broodmother (Spider:3)
  6 eleionomae
  3 deep elf demonologists
  2 very ugly things (Abyss:4)
  5 deep elf annihilators
  A yellow draconian (Abyss:4)
  2 spark wasps
  3 bunyips
  A crystal guardian (Abyss:4)
  2 shambling mangroves
  An ettin (Orc:2)
  5 deep elf death magi (Elf:3)
  3 entropy weavers
  Josephine (D:10)
  A deep elf high priest (Elf:3)
  6 vault guards
  3 ice dragons (Swamp:4)
  14 hydras
  An ogre mage (D:15)
  Harold (D:11)
  Erica (D:9)
  A ghost crab (Swamp:3)
  A spriggan air mage (Swamp:3)
  3 jorogumos
  8 alligators
  A catoblepas (D:14)
  2 death knights
  A demonspawn (Orc:2)
  6 centaur warriors (D:14)
  3 radroaches
  5 boulder beetles
  7 two-headed ogres
  5 death yaks
  5 death scarabs
  16 dancing weapons
  5 tengu warriors
  6 orc high priests (Orc:2)
  4 large abominations (Abyss:4)
  4 skysharks
  12 deep elf knights
  10 spriggans
  5 thrashing horrors (Abyss:4)
  A soul eater (Abyss:4)
  5 skeletal warriors (D:15)
  2 sixfirhies
  6 wretched stars (Abyss:4)
  3 goliath frogs
  10 pharaoh ants
  2 glowing orange brains (Abyss:4)
  7 orb spiders
  2 wizards (D:14)
  2 spriggan druids
  3 swamp dragons
  7 steelbarb worms
  A lindwurm (Lair:4)
  17 deep elf archers
  Pikel (D:8)
  4 bog bodies
  4 orc knights (Orc:2)
  2 spectral wolf spiders (Spider:4)
  49 deep elf zephyrmancers
  A spectral jorogumo (Spider:4)
  A necromancer (D:15)
  25 deep elf pyromancers
  2 ugly things
  A wolf spider zombie (D:15)
  A wolf spider (shapeshifter) (Elf:3)
  6 wolf spiders
  7 orc sorcerers
  2 will-o-the-wisps
  5 cyclopes
  12 elephants
  5 manticores
  Maurice (D:12)
  6 moths of wrath
  A worldbinder (Abyss:4)
  A guardian serpent (Lair:5)
  A black mamba (shapeshifter) (Elf:3)
  8 black mambas
  A cane toad (shapeshifter) (D:14)
  12 demonic crawlers
  4 torpor snails
  3 smoke demons (Abyss:4)
  3 rime drakes
  A gargoyle (D:10)
  A centaur skeleton (D:15)
  A hellion (Abyss:4)
  7 komodo dragons
  A kobold demonologist (D:12)
  19 cane toads
  A spectral redback (Spider:4)
  A komodo dragon (shapeshifter) (Elf:1)
  Psyche (D:11)
  4 redback zombies
  2 tengu conjurers (D:15)
  A yaktaur (shapeshifter) (Elf:1)
  3 ancient zymes (Abyss:4)
  An ice devil (Orc:2)
  8 freezing wraiths
  2 efreet
  A polar bear (Lair:1)
  8 trolls
  A queen bee (Abyss:4)
  A bloated husk (Swamp:1)
  8 meliai
  A spectral culicivora (Spider:4)
  8 raiju (Abyss:4)
  16 hornets
  4 spectral tarantellas (Spider:4)
  A culicivora zombie (Spider:4)
  A tarantella zombie (Spider:4)
  10 tyrant leeches
  2 spectral jumping spiders (Spider:4)
  A tarantella (shapeshifter) (D:13)
  10 tarantellas
  A wolf spider simulacrum (D:15)
  10 dream sheep
  29 blink frogs
  10 jumping spiders
  20 slime creatures
  3 shadows
  A water elemental (Elf:2)
  A ynoxinul (Abyss:4)
  14 culicivoras
  7 wraiths
  14 wyverns
  7 basilisks
  A vampire (Abyss:4)
  54 yaks
  16 vampire mosquitoes
  A golden eye (shapeshifter) (D:14)
  2 golden eyes (Abyss:4)
  36 redbacks
  2 chaos spawn
  A fire elemental (Elf:1)
  4 swamp worm simulacra (Swamp:4)
  2 neqoxecs (Abyss:4)
  A two-headed ogre zombie (D:10)
  18 swamp worms
  2 acid dragons
  2 small abominations (Abyss:4)
  3 wargs (Orc:2)
  23 water moccasins
  15 hydra simulacra (Swamp:4)
  An ice beast (Abyss:4)
  A swamp drake (Swamp:1)
  22 orc warriors
  A meliai simulacrum (D:15)
  2 sky beasts
  4 black bears
  9 wolves
  13 ogres
  8 centaurs
  2 phantoms
  4 kobold brigands
  11 bullfrogs
  7 scorpions
  2 gnoll sergeants (D:6)
  2 earth elementals
  3 troll zombies (D:10)
  8 wights
  19 killer bees
  3 howler monkeys
  6 electric eels
  A jelly (D:8)
  26 orc priests
  5 hounds
  12 starcursed masses (Abyss:4)
  A gnoll bouda (D:7)
  3 iguanas
  4 sleepcaps
  15 orc wizards
  7 hell rats (Lair:5)
  4 ogre zombies (D:10)
  A boggart simulacrum (D:15)
  10 gnolls
  8 adders
  A white imp (D:6)
  4 swamp drake simulacra (Swamp:4)
  An ufetubus (D:7)
  3 worms
  3 dart slugs
  50 orcs
  6 bats
  10 endoplasms
  5 giant cockroaches
  5 goblins
  11 hobgoblins
  9 jackals
  3 quokkas (D:1)
  12 ball pythons
  5 frilled lizards
  A goblin skeleton (D:10)
  2 goblin zombies (D:10)
  A hobgoblin skeleton (D:10)
  3 hobgoblin zombies (D:10)
  18 kobolds
  18 orc zombies (D:10)
  2 rats
  3 starspawn tentacles (Abyss:4)
1263 creatures vanquished.

Vanquished Creatures (collateral kills)
  An emperor scorpion (Spider:4)
  An eleionoma (Swamp:4)
  A bunyip (Swamp:2)
  2 deep elf annihilators
  A deep elf demonologist (Elf:3)
  A deep elf death mage (Elf:3)
  An entropy weaver (Spider:2)
  2 death scarabs (Spider:4)
  An orc high priest (Orc:2)
  A deep elf knight (Elf:2)
  A goliath frog (Swamp:2)
  A swamp dragon (Swamp:1)
  An orc knight (Orc:2)
  A deep elf pyromancer (Elf:2)
  A deep elf zephyrmancer (Elf:2)
  A cyclops (Orc:2)
  A cane toad (shapeshifter) (Elf:3)
  A tengu conjurer (D:14)
  A troll (Orc:2)
  A spectral jumping spider (Spider:4)
  2 redbacks (Spider:2)
  A warg (Orc:2)
  3 orc warriors (Orc:2)
  2 ogres (Orc:2)
  An orc priest (Orc:2)
  12 orcs (Orc:2)
43 creatures vanquished.

Vanquished Creatures (others)
  2 deep elf knights (Elf:2)
  2 deep elf zephyrmancers
  A tyrant leech (Swamp:4)
  A water elemental (Elf:1)
  A swamp worm (Swamp:4)
  A large abomination (Abyss:4)
  8 foxfires (Swamp:4)
  87 fungi
  92 plants
  12 starspawn tentacles (Abyss:4)
207 creatures vanquished.

Grand Total: 1513 creatures vanquished

Notes
Turn   | Place    | Note
-------+----------+-------------------------------------------
     0 | D:1      | Zonian the Gnoll Gladiator began the quest for the Orb.
     0 | D:1      | Reached XP level 1. HP: 20/20 MP: 1/1
    45 | D:1      | Reached XP level 2. HP: 26/26 MP: 2/2
   212 | D:1      | Reached XP level 3. HP: 31/31 MP: 3/3
   304 | D:1      | Reached skill level 1 in Invocations
   568 | D:1      | Reached skill level 1 in Short Blades
   568 | D:1      | Reached skill level 1 in Long Blades
   568 | D:1      | Reached skill level 1 in Axes
   568 | D:1      | Reached skill level 1 in Maces & Flails
   568 | D:1      | Reached skill level 1 in Polearms
   568 | D:1      | Reached skill level 1 in Staves
   568 | D:1      | Reached skill level 1 in Ranged Weapons
   568 | D:1      | Reached skill level 1 in Armour
   568 | D:1      | Reached skill level 1 in Stealth
   568 | D:1      | Reached skill level 1 in Shields
   568 | D:1      | Reached skill level 1 in Spellcasting
   568 | D:1      | Reached skill level 1 in Evocations
   669 | D:2      | Found a faded altar of an unknown god.
   838 | D:2      | Reached XP level 4. HP: 38/38 MP: 5/5
   974 | D:2      | Reached skill level 1 in Conjurations
   974 | D:2      | Reached skill level 1 in Hexes
   974 | D:2      | Reached skill level 1 in Summonings
   974 | D:2      | Reached skill level 1 in Necromancy
   974 | D:2      | Reached skill level 1 in Translocations
   974 | D:2      | Reached skill level 1 in Transmutations
   974 | D:2      | Reached skill level 1 in Fire Magic
   974 | D:2      | Reached skill level 1 in Ice Magic
   974 | D:2      | Reached skill level 1 in Air Magic
   974 | D:2      | Reached skill level 1 in Earth Magic
   974 | D:2      | Reached skill level 1 in Poison Magic
  1838 | D:3      | Reached XP level 5. HP: 43/43 MP: 7/7
  2110 | D:4      | Noticed an ogre
  2454 | D:4      | Noticed a phantom
  2468 | D:4      | Killed a phantom
  2469 | D:4      | Reached XP level 6. HP: 48/50 MP: 8/8
  2556 | D:4      | Found a shimmering blue altar of Sif Muna.
  2562 | D:4      | Found a shadowy altar of Dithmenos.
  2658 | D:4      | Reached skill level 5 in Fighting
  2658 | D:4      | Reached skill level 5 in Throwing
  3058 | D:5      | Entered Level 5 of the Dungeon
  3173 | D:5      | Noticed a black bear
  3176 | D:5      | Reached XP level 7. HP: 56/56 MP: 10/10
  4081 | D:5      | Found a transporter.
  4097 | D:5      | Found a transporter.
  4233 | D:5      | Reached XP level 8. HP: 39/63 MP: 12/12
  4243 | D:5      | Identified the +12 flail of Ash {elec, Int+2}
  6207 | D:6      | Identified the +7 long sword of the Vendetta {flame, rCorr
                  | Str-2 Int+5 Dex+4}
  7105 | D:7      | Found a staircase to the Ecumenical Temple.
  7114 | D:7      | Noticed a wyvern
  7117 | Temple   | Entered the Ecumenical Temple
  7484 | Temple   | Became a worshipper of Ashenzari the Shackled
  7509 | Temple   | Killed a wyvern
  7510 | Temple   | Reached XP level 9. HP: 69/69 MP: 13/15
  8239 | D:7      | Reached skill level 5 in Invocations
  8743 | D:7      | Found Leur's Weapon Boutique.
  9290 | D:8      | Noticed a two-headed ogre
  9300 | D:8      | Killed a two-headed ogre
  9301 | D:8      | Reached skill level 5 in Short Blades
  9301 | D:8      | Reached skill level 5 in Long Blades
  9301 | D:8      | Reached skill level 5 in Axes
  9301 | D:8      | Reached skill level 5 in Maces & Flails
  9301 | D:8      | Reached skill level 5 in Polearms
  9301 | D:8      | Reached skill level 5 in Staves
  9301 | D:8      | Reached skill level 5 in Ranged Weapons
  9301 | D:8      | Reached skill level 5 in Armour
  9301 | D:8      | Reached skill level 5 in Stealth
  9301 | D:8      | Reached skill level 5 in Shields
  9301 | D:8      | Reached skill level 5 in Spellcasting
  9301 | D:8      | Reached skill level 5 in Evocations
  9301 | D:8      | Reached XP level 10. HP: 79/79 MP: 16/18
  9378 | D:8      | Noticed Pikel
  9391 | D:8      | Killed Pikel
  9454 | D:8      | Found Agijyun's Book Shoppe.
  9493 | D:8      | Found Cais's Antique Armour Shop.
  9502 | D:8      | Reached * piety under Ashenzari
  9502 | D:8      | Identified 3 scrolls of acquirement
  9503 | D:8      | Acquired the +3 chain mail "Hamabu" {rF+ Stlth+}
  9504 | D:8      | Acquired a +4 ring of protection
  9505 | D:8      | Acquired the +0 hat of Lakkicha {rPois rC- rCorr Dex+4}
  9952 | D:9      | Noticed Erica
  9963 | D:9      | Killed Erica
 10014 | D:9      | Found a staircase to the Lair.
 10196 | D:9      | Reached ** piety under Ashenzari
 10475 | D:10     | Entered Level 10 of the Dungeon
 10526 | Lair:1   | Entered Level 1 of the Lair of Beasts
 10550 | Lair:1   | Noticed a cane toad
 10581 | Lair:1   | Learned a level 2 spell: Wereblood
 10584 | Lair:1   | Noticed a seven-headed hydra
 10590 | Lair:1   | Noticed a cane toad
 10596 | Lair:1   | Killed a one-headed hydra
 10597 | Lair:1   | Reached skill level 5 in Conjurations
 10597 | Lair:1   | Reached skill level 5 in Hexes
 10597 | Lair:1   | Reached skill level 5 in Summonings
 10597 | Lair:1   | Reached skill level 5 in Necromancy
 10597 | Lair:1   | Reached skill level 5 in Translocations
 10597 | Lair:1   | Reached skill level 5 in Transmutations
 10597 | Lair:1   | Reached skill level 5 in Fire Magic
 10597 | Lair:1   | Reached skill level 5 in Ice Magic
 10597 | Lair:1   | Reached skill level 5 in Air Magic
 10597 | Lair:1   | Reached skill level 5 in Earth Magic
 10597 | Lair:1   | Reached skill level 5 in Poison Magic
 10597 | Lair:1   | Reached XP level 11. HP: 30/87 MP: 21/21
 11758 | Lair:1   | Reached *** piety under Ashenzari
 12089 | Lair:2   | Found a staircase to the Swamp.
 12131 | Lair:2   | Reached XP level 12. HP: 99/99 MP: 25/25
 12141 | Lair:2   | Noticed a skyshark
 12151 | Lair:2   | Killed a skyshark
 12264 | Lair:2   | Reached **** piety under Ashenzari
 12804 | Lair:2   | Identified the +0 pair of boots of Fogusuma {rC+ Int+2}
 13007 | Lair:2   | Reached skill level 10 in Dodging
 13007 | Lair:2   | Reached skill level 10 in Unarmed Combat
 13301 | Lair:3   | Found a hole to the Spider Nest.
 13663 | Lair:3   | Noticed a skyshark
 13678 | Lair:3   | Killed a skyshark
 14078 | Lair:3   | Reached ***** piety under Ashenzari
 14206 | Lair:4   | Noticed a death yak
 14222 | Lair:3   | Killed a death yak
 14260 | Lair:4   | Identified the +8 flail of Ashenzari's Esteem {holy, rF+}
 14295 | Lair:4   | Noticed a four-headed hydra
 14313 | Lair:4   | Killed a one-headed hydra
 14500 | Lair:4   | Reached XP level 13. HP: 101/109 MP: 28/28
 15309 | Lair:5   | Entered Level 5 of the Lair of Beasts
 16528 | Lair:5   | Reached skill level 10 in Fighting
 16528 | Lair:5   | Reached skill level 10 in Throwing
 17533 | Lair:5   | Reached XP level 14. HP: 105/118 MP: 30/30
 17550 | Lair:5   | Reached skill level 10 in Invocations
 17822 | Lair:5   | Found a viscous altar of Jiyva.
 17823 | Lair:5   | Found a staircase to the Slime Pits.
 19310 | D:10     | Found a staircase to the Orcish Mines.
 19466 | D:10     | Noticed Josephine
 19477 | D:10     | Killed Josephine
 20299 | D:11     | Identified the +0 battleaxe of the Maze {distort, rC+ rCorr
                  | Str+3}
 20460 | D:11     | Noticed Harold
 20476 | D:11     | Killed Harold
 20570 | D:11     | Noticed Psyche
 20576 | D:11     | Killed Psyche
 20720 | D:11     | Learned a level 3 spell: Swiftness
 20723 | D:11     | Learned a level 2 spell: Passwall
 20728 | D:11     | Learned a level 4 spell: Summon Lightning Spire
 20986 | D:12     | Noticed Maurice
 21000 | D:12     | Killed Maurice
 21001 | D:12     | Reached skill level 10 in Short Blades
 21001 | D:12     | Reached skill level 10 in Long Blades
 21001 | D:12     | Reached skill level 10 in Axes
 21001 | D:12     | Reached skill level 10 in Maces & Flails
 21001 | D:12     | Reached skill level 10 in Polearms
 21001 | D:12     | Reached skill level 10 in Staves
 21001 | D:12     | Reached skill level 10 in Ranged Weapons
 21001 | D:12     | Reached skill level 10 in Armour
 21001 | D:12     | Reached skill level 10 in Stealth
 21001 | D:12     | Reached skill level 10 in Shields
 21001 | D:12     | Reached skill level 10 in Spellcasting
 21001 | D:12     | Reached skill level 10 in Evocations
 21630 | D:12     | Reached XP level 15. HP: 122/122 MP: 30/30
 23208 | D:14     | Found a gate to the Vaults.
 23708 | D:14     | Identified the staff of fire "Jieru" {rElec rF+ Will+
                  | Int+3}
 23729 | D:14     | Identified the +6 arbalest of Linearity {elec, rC+ Str+3
                  | Dex+3}
 24382 | D:14     | Found a stormy altar of Qazlal.
 24562 | D:15     | Entered Level 15 of the Dungeon
 25063 | D:15     | Reached XP level 16. HP: 132/132 MP: 31/33
 25195 | D:15     | Identified the +10 flail "Wughiug" {holy, rF+ rCorr Stlth+}
 25281 | D:15     | Found a hazy altar of Hepliaklqana.
 25590 | D:15     | Found a staircase to the Depths.
 25935 | Orc:1    | Entered Level 1 of the Orcish Mines
 26253 | Orc:2    | Entered Level 2 of the Orcish Mines
 26363 | Orc:2    | Found Qiruq's Magic Scroll Emporium.
 26430 | Orc:2    | Found Elattus's Distillery.
 26450 | Orc:2    | Bought a scroll of teleportation for 42 gold pieces
 26450 | Orc:2    | Bought a scroll of enchant armour for 105 gold pieces
 26450 | Orc:2    | Bought a scroll of fear for 56 gold pieces
 26450 | Orc:2    | Bought a scroll of enchant armour for 105 gold pieces
 26450 | Orc:2    | Bought a scroll of fear for 56 gold pieces
 26452 | Orc:2    | Bought a potion of resistance for 140 gold pieces
 26452 | Orc:2    | Bought a potion of curing for 42 gold pieces
 26452 | Orc:2    | Bought a potion of cancellation for 112 gold pieces
 27095 | Orc:2    | Paralysed by an orc sorcerer for 4 turns
 27216 | Orc:2    | Found Zeki's Antique Weapon Boutique.
 27216 | Orc:2    | Found Jaedonlaaro's Book Shop.
 27217 | Orc:2    | Found a one-way gate leading to the halls of Pandemonium.
 27615 | Orc:2    | Found a staircase to the Elven Halls.
 27871 | Orc:2    | Noticed Erolcha
 28545 | Orc:1    | Found a runed translucent gate.
 28546 | Orc:1    | Found a runed translucent gate.
 28547 | Orc:1    | Found a runed translucent gate.
 28554 | Orc:1    | Noticed MrSquiggles's ghost (journeyman MfTm)
 28554 | Orc:1    | Noticed Ybuibof's ghost (journeyman DEHu)
 28556 | Orc:1    | Noticed Bekuax's ghost (journeyman MfVM)
 28845 | Spider:1 | Entered Level 1 of the Spider Nest
 32672 | Spider:3 | Reached XP level 17. HP: 103/140 MP: 34/34
 33214 | Spider:3 | Reached skill level 10 in Conjurations
 33214 | Spider:3 | Reached skill level 10 in Hexes
 33214 | Spider:3 | Reached skill level 10 in Summonings
 33214 | Spider:3 | Reached skill level 10 in Necromancy
 33214 | Spider:3 | Reached skill level 10 in Translocations
 33214 | Spider:3 | Reached skill level 10 in Transmutations
 33214 | Spider:3 | Reached skill level 10 in Fire Magic
 33214 | Spider:3 | Reached skill level 10 in Ice Magic
 33214 | Spider:3 | Reached skill level 10 in Air Magic
 33214 | Spider:3 | Reached skill level 10 in Earth Magic
 33214 | Spider:3 | Reached skill level 10 in Poison Magic
 33355 | Spider:3 | Found a runed translucent gate.
 33355 | Spider:3 | Found a runed translucent gate.
 33355 | Spider:3 | Found a runed translucent gate.
 33361 | Spider:3 | Noticed superbruh's ghost (adept MiFi)
 33407 | Spider:4 | Entered Level 4 of the Spider Nest
 33407 | Spider:4 | Noticed Arachne
 33451 | Spider:3 | Killed Arachne
 34944 | Spider:3 | Learned a level 4 spell: Iskenderun's Mystic Blast
 38205 | Spider:4 | Got a gossamer rune of Zot
 38213 | Spider:4 | Reached XP level 18. HP: 149/149 MP: 36/36
 38687 | Swamp:1  | Entered Level 1 of the Swamp
 39218 | Swamp:1  | Reached XP level 19. HP: 155/155 MP: 37/37
 40419 | Swamp:2  | Identified the +4 sling "Kuusol" {elec, rF- rN+++ Will+++
                  | Int-5}
 42964 | Swamp:3  | Learned a level 4 spell: Olgreb's Toxic Radiance
 42970 | Swamp:3  | Learned a level 5 spell: Lee's Rapid Deconstruction
 43153 | Swamp:3  | Noticed Aizul
 43178 | Swamp:3  | Killed Aizul
 43744 | Swamp:4  | Entered Level 4 of the Swamp
 45746 | Swamp:4  | Got a decaying rune of Zot
 47282 | Elf:1    | Entered Level 1 of the Elven Halls
 47282 | Elf:1    | Found a runed translucent gate.
 47282 | Elf:1    | Found a runed translucent gate.
 47282 | Elf:1    | Found a runed translucent gate.
 47282 | Elf:1    | Found a runed translucent gate.
 47282 | Elf:1    | Found a runed translucent gate.
 47282 | Elf:1    | Found a runed translucent gate.
 47283 | Elf:1    | Found a runed translucent door.
 47392 | Elf:1    | Found a runed translucent door.
 47668 | Elf:1    | Found Xyxiukuepn's Magic Scroll Boutique.
 47668 | Elf:1    | Found Ecwocw's Antique Armour Shop.
 47669 | Elf:1    | Found Xate's Armour Boutique.
 47673 | Elf:1    | Found Voisuh's Antique Armour Shop.
 47769 | Elf:1    | Bought a slimy helmet for 218 gold pieces
 47769 | Elf:1    | Identified the +2 helmet "Zusiq" {rPois Will+ Dex-5} (You
                  | bought it in a shop on level 1 of the Elven Halls)
 47774 | Elf:1    | Bought a pair of twisted gloves for 294 gold pieces
 47774 | Elf:1    | Identified the +2 pair of gloves of the Carpenter {Str-2
                  | Int+6} (You bought it in a shop on level 1 of the Elven
                  | Halls)
 47774 | Elf:1    | Bought a pair of faintly glowing boots for 294 gold pieces
 47774 | Elf:1    | Identified the +1 pair of boots "Epaanol" {Stlth+} (You
                  | bought it in a shop on level 1 of the Elven Halls)
 47782 | Elf:1    | Bought a scroll of teleportation for 42 gold pieces
 47782 | Elf:1    | Bought a scroll of fog for 56 gold pieces
 47782 | Elf:1    | Bought a scroll of fog for 56 gold pieces
 48611 | Elf:1    | Found an ancient bone altar of Kikubaaqudgha.
 48748 | Elf:1    | Noticed an Ice Fiend
 48885 | Elf:1    | Reached XP level 20. HP: 165/165 MP: 39/39
 48964 | Elf:1    | Identified the Disquisition on Damage
 48964 | Elf:1    | Noticed Frances
 48977 | Elf:1    | Killed Frances
 49999 | Elf:2    | Found a magical portal.
 50002 | Elf:2    | Reached skill level 15 in Dodging
 50002 | Elf:2    | Reached skill level 15 in Unarmed Combat
 50002 | Elf:2    | Reached XP level 21. HP: 172/172 MP: 40/40
 50332 | Elf:2    | Reached skill level 15 in Invocations
 50911 | Elf:2    | Found a runed translucent gate.
 50911 | Elf:2    | Found a runed translucent gate.
 50911 | Elf:2    | Found a runed translucent gate.
 51335 | Elf:3    | Entered Level 3 of the Elven Halls
 51336 | Elf:3    | Found Naute's Assorted Antiques.
 51339 | Elf:3    | Found a radiant altar of Vehumet.
 51361 | Elf:3    | Bought a scroll of blinking for 187 gold pieces
 51361 | Elf:3    | Bought a potion of curing for 75 gold pieces
 51361 | Elf:3    | Bought a potion of resistance for 250 gold pieces
 51361 | Elf:3    | Bought a scroll of teleportation for 75 gold pieces
 52376 | Abyss:4  | Cast into level 4 of the Abyss (a deep elf sorcerer)
 52559 | Abyss:4  | Noticed a bone dragon
 52580 | Abyss:4  | Killed a bone dragon
 52622 | Abyss:4  | Found a corrupted altar of Lugonu.
 52837 | Elf:3    | Escaped the Abyss
 53347 | Elf:3    | Learned a level 3 spell: Mephitic Cloud
 53352 | Elf:3    | Learned a level 4 spell: Airstrike
 53358 | Elf:3    | Learned a level 5 spell: Borgnjor's Vile Clutch
 54321 | Elf:3    | Identified the +9 war axe of Koxtib {flame, Contam rPois
                  | rN++}
 54328 | Abyss:4  | Cast into level 4 of the Abyss (a deep elf demonologist)
 54363 | Abyss:4  | Reached skill level 15 in Fighting
 54363 | Abyss:4  | Reached skill level 15 in Throwing
 54366 | Abyss:4  | Noticed a bone dragon
 54373 | Abyss:4  | Paralysed by accursed screaming for 1 turns
 54379 | Abyss:4  | Paralysed by accursed screaming for 2 turns
 54385 | Abyss:4  | Reached XP level 22. HP: 50/181 MP: 12/42
 54688 | Elf:3    | Escaped the Abyss
 55068 | Abyss:4  | Found a corrupted altar of Lugonu.
 55068 | Abyss:4  | Cast into level 4 of the Abyss (a deep elf sorcerer)
 55079 | Abyss:4  | Found a corrupted altar of Lugonu.
 55144 | Abyss:4  | Found a corrupted altar of Lugonu.
 55215 | Abyss:4  | Found a corrupted altar of Lugonu.
 55222 | Abyss:4  | Got an abyssal rune of Zot
 55227 | Abyss:4  | Found a corrupted altar of Lugonu.
 55273 | Abyss:4  | Found a corrupted altar of Lugonu.
 55277 | Abyss:4  | HP: 3/145 [meliai/divine providence (10)]
 55308 | Abyss:4  | HP: 7/182 [wizard/fireball (11)]
 55310 | Abyss:4  | Killed from afar by a wizard

Illustrated notes

Levels and vault maps discovered:
D:1:      scummos_arrival_simple_crosswalls, layout_basic
D:2:      minmay_recursive_quarters, layout_basic, basic_ecumenical_altar
D:3:      layout_basic
D:4:      layout_loops_corners, mainiacjoe_overflow_catwalk_spiral
D:5:      gammafunk_steamed_eel, layout_cave_pods
D:6:      layout_loops_ring, skrybe_limestone_x, st_stairs_13
D:7:      layout_basic, minmay_temple_entry_large_hall, serial_shops,
          nicolae_shop_bloodbath_and_beyond
D:8:      layout_rooms, serial_shops, nicolae_shop_tiny_statue_garden,
          nicolae_shop_dealshenge, uniq_pikel
D:9:      layout_roguey, grunt_lair_entry_orc_guard_hut, uniq_erica
D:10:     hangedman_cross_stitches, layout_basic, zombieorc2_lemuel,
          uniq_josephine
D:11:     layout_basic, uniq_psyche, uniq_harold
D:12:     layout_grid_maze, st_stairs_8, uniq_maurice
D:13:     layout_irregular_city
D:14:     layout_big_octagon, lightli_vaults_fourway_checkpoint,
          nicolae_qazlal_scattered_showers, minmay_hollow_rounded_squares
D:15:     grunt_enter_depths_magical_seal, layout_loops_ring,
          lemuel_doored_altar
Temple:   nicolae_temple_slightly_damp_pantheon
Lair:1:   layout_regular_city, infiniplex_staircase_pool, grunt_megastairs_2
Lair:2:   layout_loops_ring, minmay_swamp_entry_worms
Lair:3:   layout_gridlike, nicolae_spider_entry_non_spiders, lemuel_fruit_fields
Lair:4:   layout_roguey, beast_lair_carwin_7
Lair:5:   hangedman_lair_tendril_chambers, layout_regular_city, slime_entry_1,
          gauntlet_entry_generic
Swamp:1:  layout_falls_marsh, evilmike_swamp_ruin_house_5
Swamp:2:  layout_falls_marsh, nicolae_swamp_oxbows
Swamp:3:  layout_falls_marsh, evilmike_swamp_ruin_house_1, swamp_pool4,
          uniq_aizul
Swamp:4:  swamp_icy, layout_basic_swamp, infiniplex_staircase_pool_2
Spider:1: layout_chambers
Spider:2: layout_spider_delve
Spider:3: layout_spider_delve, gammafunk_ghost_necromancy
Spider:4: floodkiller_spider_rune_tomb, uniq_arachne
Orc:1:    layout_caves, gammafunk_ghost_cemetery
Orc:2:    pf_orc_diabolical, layout_caves, minmay_orc_temple_c, uniq_erolcha
Elf:1:    nicolae_elf_arrival_dilemma, layout_loops_corners, basic_altar,
          minmay_elf_annihilation, minmay_shoptagon, uniq_frances
Elf:2:    nicolae_elf_blades_splatter_lattice
          [nicolae_blade_entry_hurt_lockers], layout_loops_ring,
          mu_enter_wizlab_4, grunt_ministairs_5
Elf:3:    minmay_elf_hall_statues, layout_rooms, basic_altar, serial_shops,
          shop, nicolae_elf_vaults_five_recruitment_drive
Abyss:4:  base: D:6, hangedman_abyss_exit_choices, bh_silent_lugonu_exit,
          minivault_4, hangedman_stitches_earthworm, evilmike_abyss_exit_chaos,
          base: Depths:4, hangedman_abyss_or_decor_slice, base: Orc:2, base:
          Vaults:5, spicy_abyss_planar_alliance, grunt_abyss_rune_wretched_hive,
          base:
Vaults:5

Skill      XL: |  1  2  3  4  5  6  7  8  9 10 11 12 13 14 15 16 17 18 19 20 21 |
---------------+----------------------------------------------------------------+-----
Invocations    | 1 2 3 4 5 6 7 8 9 10 11 12 13 14 15 | 15.7
Short Blades   | 1 2 3 4 5 6 7 8 9 10 11 12 13 14 | 14.5
Long Blades    | 1 2 3 4 5 6 7 8 9 10 11 12 13 14 | 14.5
Axes           | 1 2 3 4 5 6 7 8 9 10 11 12 13 14 | 14.5
Maces & Flails | 1 2 3 4 5 6 7 8 9 10 11 12 13 14 | 14.5
Polearms       | 1 2 3 4 5 6 7 8 9 10 11 12 13 14 | 14.5
Staves         | 1 2 3 4 5 6 7 8 9 10 11 12 13 14 | 14.5
Ranged Weapons | 1 2 3 4 5 6 7 8 9 10 11 12 13 14 | 14.5
Armour         | 1 2 3 4 5 6 7 8 9 10 11 12 13 14 | 14.5
Stealth        | 1 2 3 4 5 6 7 8 9 10 11 12 13 14 | 14.5
Shields        | 1 2 3 4 5 6 7 8 9 10 11 12 13 14 | 14.5
Spellcasting   | 1 2 3 4 5 6 7 8 9 10 11 12 13 14 | 14.5
Evocations     | 1 2 3 4 5 6 7 8 9 10 11 12 13 14 | 14.5
Conjurations   | 1 2 3 4 5 6 7 8 9 10 11 12 | 12.3
Hexes          | 1 2 3 4 5 6 7 8 9 10 11 12 | 12.3
Summonings     | 1 2 3 4 5 6 7 8 9 10 11 12 | 12.3
Necromancy     | 1 2 3 4 5 6 7 8 9 10 11 12 | 12.3
Translocations | 1 2 3 4 5 6 7 8 9 10 11 12 | 12.3
Transmutations | 1 2 3 4 5 6 7 8 9 10 11 12 | 12.3
Fire Magic     | 1 2 3 4 5 6 7 8 9 10 11 12 | 12.3
Ice Magic      | 1 2 3 4 5 6 7 8 9 10 11 12 | 12.3
Air Magic      | 1 2 3 4 5 6 7 8 9 10 11 12 | 12.3
Earth Magic    | 1 2 3 4 5 6 7 8 9 10 11 12 | 12.3
Poison Magic   | 1 2 3 4 5 6 7 8 9 10 11 12 | 12.3
Fighting       | 5 6 7 8 9 10 11 12 13 14 15 | 15.1
Throwing       | 5 6 7 8 9 10 11 12 13 14 15 | 15.1
Dodging        | 7 8 9 10 11 12 13 14 15 | 15.8
Unarmed Combat | 7 8 9 10 11 12 13 14 15 | 15.8

Action                     |  1- 3 |  4- 6 |  7- 9 | 10-12 | 13-15 | 16-18 | 19-21 | 22-24 || total
---------------------------+-------+-------+-------+-------+-------+-------+-------+-------++-------
  Melee: Unarmed           |   128 |   137 |   133 |       |       |       |       |       ||   398
         Bite              |     6 |    13 |    22 |    54 |   200 |   227 |   176 |    28 ||   726
         Punch             |     2 |     3 |    10 |       |       |       |       |       ||    15
         Flail             |       |       |   115 |   422 |  1228 |  1229 |  1136 |   147 ||  4277
         Scimitar          |       |       |       |    12 |     5 |       |       |       ||    17
   Fire: Sling             |       |       |       |       |       |       |   173 |       ||   173
  Throw: Javelin           |       |     1 |     5 |     3 |       |     3 |     4 |     2 ||    18
         Dart              |       |     3 |     7 |    11 |    37 |   125 |   105 |       ||   288
         Throwing net      |       |     2 |     1 |       |       |     1 |       |       ||     4
         Boomerang         |       |       |       |       |       |       |     4 |       ||     4
   Cast: Wereblood         |       |       |       |     1 |    12 |     4 |       |       ||    17
         Summon Lightning  |       |       |       |       |     3 |    14 |    16 |     1 ||    34
         Iskenderun's Myst |       |       |       |       |       |     1 |     6 |     1 ||     8
         Olgreb's Toxic Ra |       |       |       |       |       |       |     7 |       ||     7
         Lee's Rapid Decon |       |       |       |       |       |       |    20 |     6 ||    26
         Airstrike         |       |       |       |       |       |       |     4 |     6 ||    10
         Mephitic Cloud    |       |       |       |       |       |       |     1 |       ||     1
 Invoke: Curse Item        |       |       |     1 |     7 |     2 |     1 |       |       ||    11
         Shatter the Chain |       |       |       |       |     1 |     1 |       |       ||     2
  Evoke: Wand              |       |       |     4 |       |     6 |     5 |    27 |     8 ||    50
         Lightning rod     |       |       |       |       |     2 |     8 |     8 |     7 ||    25
         Box of beasts     |       |       |       |       |       |     2 |     1 |       ||     3
         Tin of tremorston |       |       |       |       |       |     4 |     4 |       ||     8
    Use: Scroll            |       |     5 |     6 |     4 |     3 |    13 |     4 |       ||    35
         Potion            |       |       |     5 |       |       |     5 |    16 |    12 ||    38
   Stab: Sleeping          |     1 |     2 |     1 |    12 |    21 |    20 |    11 |     3 ||    71
         Distracted        |       |       |     1 |       |     4 |     6 |     5 |     1 ||    17
         Petrified         |       |       |       |       |     3 |       |       |       ||     3
         Confused          |       |       |       |       |       |       |     2 |       ||     2
 Armour: Leather armour    |    32 |     8 |       |       |       |       |       |       ||    40
         Ring mail         |       |    29 |   113 |   125 |   161 |       |       |       ||   428
         Chain mail        |       |       |       |       |   133 |   413 |   286 |    14 ||   846
  Dodge: Dodged            |    98 |    79 |   174 |   222 |   562 |   629 |   427 |    47 ||  2238
  Block: Other             |       |       |    40 |       |       |       |       |       ||    40
         Reflection        |       |       |     5 |     6 |     8 |     7 |    81 |     3 ||   110
         Buckler           |       |       |    12 |   271 |   817 |   194 |       |       ||  1294
         Kite shield       |       |       |       |       |       |  1177 |   985 |   121 ||  2283

Table legend: (Time is in decaauts)
 A = Elapsed time spent in this place.
 B = Non-inter-level travel time spent in this place.
 C = Inter-level travel time spent in this place.
 D = Time resting spent in this place.
 E = Time spent auto-exploring this place.
 F = Levels seen in this place.
 G = Mean time per level.
                   A        B        C        D        E       F      G
               +--------+--------+--------+--------+--------+-----+--------+
         Total |  54820 |  52432 |   2388 |  19037 |  21097 |  37 | 1481.6 |
       Dungeon |  16859 |  15819 |   1040 |   2761 |   9418 |  15 | 1123.9 |
        Temple |    604 |    585 |     19 |    469 |     90 |   1 |  604.0 |
          Lair |   9278 |   8594 |    684 |   2588 |   3940 |   5 | 1855.6 |
         Swamp |   8280 |   8111 |    169 |   4772 |   1906 |   4 | 2070.0 |
   Spider Nest |   9246 |   9011 |    235 |   4025 |   2904 |   4 | 2311.5 |
  Orcish Mines |   2700 |   2600 |    100 |    807 |    979 |   2 | 1350.0 |
   Elven Halls |   6869 |   6730 |    139 |   3210 |   1859 |   3 | 2289.7 |
         Abyss |    980 |    980 |      0 |    403 |      0 |   3 |  326.7 |
               +--------+--------+--------+--------+--------+-----+--------+

Top non-repeatable levels by time:
Spider:3: 3730 daAuts
 Swamp:4: 2930 daAuts
   Elf:3: 2742 daAuts
Spider:4: 2731 daAuts
   Elf:1: 2471 daAuts
  Lair:4: 2447 daAuts
  Lair:5: 2368 daAuts
 Swamp:1: 2364 daAuts
   Orc:2: 2228 daAuts
     D:6: 2109 daAuts
     D:5: 1854 daAuts
  Lair:2: 1726 daAuts
   Elf:2: 1654 daAuts
Spider:1: 1614 daAuts
     D:7: 1588 daAuts
